 Dungeon Crawl Stone Soup version 0.26.1-11-gd32895ea62 (webtiles) character file.

Game seed: 15766051406493819838

644 Almogavar the Slasher (level 7, -1/64 HPs)
             Began as a Palentonga Berserker on July 24, 2021.
             Was a Believer of Trog.
             Slain by an orc wizard
             ... wielding a +0 dagger
              (5 damage)
             ... on level 4 of the Dungeon.
             The game lasted 00:07:16 (2827 turns).

Almogavar the Slasher (Palentonga Berserker)        Turns: 2827, Time: 00:07:16

Health: -1/64      AC: 12    Str: 23    XL:     7   Next: 26%
Magic:  7/7        EV: 10    Int:  7    God:    Trog [**....]
Gold:   229        SH:  0    Dex:  9    Spells: 6/6 levels left

rFire    + . .     SeeInvis +   a - +1 falchion
rCold    x . .     Faith    .   (no shield)
rNeg     . . .     Spirit   .   b - +1 animal skin
rPois    .         Reflect  .   (no helmet)
rElec    .         Harm     .   (no cloak)
rCorr    .         Rampage  .   (no gloves)
Will     ++...                  (no barding)
Stlth    +.........             d - amulet of regeneration
HPRegen  1.60/turn              l - ring of fire
MPRegen  0.10/turn              (no ring)

@: berserk cooldown, regenerating, curled up
A: large, rugged brown scales 3, see invisible, deformed body, roll 1, armoured
tail, reflexive curl
a: Rolling Charge, Renounce Religion, Berserk, Trog's Hand


You were on level 4 of the Dungeon.
You worshipped Trog.
Trog was pleased with you.
You visited 1 branch of the dungeon, and saw 5 of its levels.

You collected 229 gold pieces.

Inventory:

Hand Weapons
 a - a +1 falchion (weapon)
Armour
 b - a +1 animal skin (worn)
 i - a +0 ring mail
Jewellery
 d - an amulet of regeneration (around neck)
 l - a ring of fire (left hand)
 v - an uncursed amulet of faith {unknown}
Scrolls
 c - 2 scrolls of enchant armour
 f - 4 scrolls of enchant weapon
 j - a scroll of magic mapping {unknown}
 k - 3 scrolls of amnesia
 m - a scroll of teleportation
 n - a scroll of immolation
 r - 2 scrolls of remove curse
Potions
 e - a potion of invisibility
 h - a potion of might {unknown}
 o - a potion of haste {unknown}
 p - a potion of cancellation {unknown}
 q - a potion of resistance {unknown}
 s - a potion of magic {unknown}
 t - a potion of degeneration {unknown}
 u - 2 potions of flight {unknown}


   Skills:
 + Level 4.7 Fighting
 + Level 6.7 Long Blades
 + Level 2.1 Armour
 + Level 3.0 Dodging


You had 6 spell levels left.
You didn't know any spells.
Your spell library was empty.

Dungeon Overview and Level Annotations

Branches:
Dungeon (5/15)
 Temple: D:4-7

Altars:
Gozag
Makhleb
Nemelex Xobeh

Shops:
D:4 (}[


Innate Abilities, Weirdness & Mutations

You are completely covered in rugged brown scales. (AC +3, +7% HP)
You have supernaturally acute eyesight. (SInv)
Armour fits poorly on your strangely shaped body.
You can roll at nearby foes to attack.
You have a long armoured tail.
You curl defensively after being hit.


Message History

There is a stone staircase leading down here.
Okay, then.
Your skin crawls.
You feel strong-willed.
The orc wizard hits you but does no damage.
The orc wizard completely misses you. The orc barely misses you.
You closely miss the orc wizard.
The orc wizard hits you with a +0 dagger.
* * * LOW HITPOINT WARNING * * *
The orc wizard hits you but does no damage.
The orc misses you.
The orc wizard gestures at you while chanting.
The magic dart hits you.
* * * LOW HITPOINT WARNING * * *
As you read the scroll labelled BAOFRY MALEOTE, it crumbles to dust.
The creatures around you are filled with an inner flame!
It was a scroll of immolation.
You feel yourself speed up.
The orc wizard hits you with a +0 dagger.
You die...

##############
##.....##.....##
##...........o..##
#..........o@....#
#................#
#................#
#####................#
.....................#
....#................#
######.8.8.8.>......##
##.⌠.⌠.##.....##
##8.∩.8########


You could see an orc wizard (fast, inner flame) and an orc (inner flame).

Vanquished Creatures
  2 ogres
  4 scorpions
  A hound (D:4)
  An orc wizard (D:3)
  A worker ant (D:5)
  3 gnolls (D:3)
  8 adders
  An ufetubus (D:5)
  A worm (D:2)
  2 dart slugs
  2 leopard geckos
  10 orcs
  3 ball pythons
  5 bats
  4 giant cockroaches
  5 hobgoblins
  3 jackals (D:1)
  6 kobolds
  A quokka (D:3)
  3 frilled lizards
  2 goblins
  10 rats
78 creatures vanquished.

Notes
Turn   | Place    | Note
-------+----------+-------------------------------------------
     0 | D:1      | Almogavar the Palentonga Berserker began the quest for the
                  | Orb.
     0 | D:1      | Reached XP level 1. HP: 20/20 MP: 1/1
   289 | D:1      | Reached XP level 2. HP: 27/27 MP: 2/2
   790 | D:2      | Reached XP level 3. HP: 33/33 MP: 3/3
   815 | D:2      | Found a burning altar of Makhleb.
   815 | D:2      | Noticed a balrug
  1371 | D:2      | Reached skill level 4 in Long Blades
  1371 | D:2      | Reached XP level 4. HP: 27/40 MP: 4/4
  1658 | D:3      | Reached ** piety under Trog
  1690 | D:3      | Reached XP level 5. HP: 32/49 MP: 5/5
  2215 | D:4      | Found Kynwig's Armour Emporium.
  2259 | D:4      | Reached skill level 5 in Long Blades
  2278 | D:4      | Found Zeis's Weapon Shop.
  2321 | D:4      | Reached XP level 6. HP: 50/55 MP: 6/6
  2422 | D:4      | Found an opulent altar of Gozag.
  2422 | D:4      | Found a sparkling altar of Nemelex Xobeh.
  2525 | D:4      | Found Keda's Gadget Boutique.
  2782 | D:5      | Entered Level 5 of the Dungeon
  2792 | D:5      | Reached skill level 6 in Long Blades
  2798 | D:5      | Gained mutation: You curl defensively after being hit.
                  | [Palentonga growth]
  2798 | D:5      | Reached XP level 7. HP: 57/64 MP: 7/7
  2820 | D:5      | HP: 3/64 [orc wizard/magic dart (8)]
  2823 | D:5      | HP: 1/64 [orc/cursed -3 flail (6)]
  2827 | D:4      | Slain by an orc wizard

Illustrated notes

Levels and vault maps discovered:
D:1:      onia_arrival_mini_spirals, layout_loops_ring
D:2:      layout_basic, makhleb_altar_promises_db
D:3:      layout_rooms
D:4:      layout_rooms, grunt_temple_overflow_opulence, serial_shops, shop,
          nicolae_shop_temple_entry_statues_fountains, shop
D:5:      layout_cave_pools, minmay_temple_entry_mist, led_sif_pool

Skill      XL: |  1  2  3  4  5  6  7 |
---------------+----------------------+-----
Long Blades    | 4 5 6 |  6.7
Armour         | 2 |  2.1
Dodging        | 2 3 |  3.0
Fighting       | 4 |  4.7

Action                   |  1- 3 |  4- 6 |  7- 9 || total
-------------------------+-------+-------+-------++-------
Melee: Falchion          |    75 |   118 |    12 ||   205
       Tailslap          |     8 |    16 |     2 ||    26
Invok: Berserk           |     1 |     5 |       ||     6
       Trog's Hand       |       |     2 |     1 ||     3
 Abil: Rolling Charge    |    17 |    22 |       ||    39
  Use: Scroll            |     6 |     1 |     4 ||    11
       Potion            |       |       |     1 ||     1
 Stab: Distracted        |     1 |       |       ||     1
Armor: Animal skin       |    31 |    37 |    25 ||    93
Dodge: Dodged            |    41 |    76 |    21 ||   138
       Rpst.: Falchion   |    13 |    30 |     5 ||    48
